AoeStats
← Canek

Oasis

510038599Analyzed
2v2 RM · 4d ago on Sep 29, 2026· 38m 42s· 4 players
Game mode
Random Map
Map size
Medium (4 player)
Population
200
Speed
Normal
Resources
Standard
Victory
Conquest
Starting age
Dark Age
Ending age
Imperial Age
RankedLock teamsTeams togetherTeam positionsShared explorationLock speedFull tech treeHidden civsTurbo modeCheats
Victory
Defeat
🇲🇽 Khitans · Mexico
1172
+18
🇲🇽 Italians · Mexico
1056
+22
🇹🇼 Wei · Taiwan
1213
-20
🇦🇷 Armenians · Argentina
1211
-20
arq_lobo
2:48 Loom
12:10 Feudal Age
22:28 Horse Collar
25:57 Castle Age
24:05 Fletching
24:30 Double-Bit Axe
26:56 Bodkin Arrow
29:06 Heavy Plow
29:45 Elite Skirmisher
32:22 Padded Archer Armor
33:40 Ballistics
35:59 Wheelbarrow
Canek
7:35 Loom
10:32 Feudal Age
14:44 Forging
20:49 Scale Barding Armor
23:57 Castle Age
21:44 Double-Bit Axe
21:43 Domestication
21:56 Gold Mining
22:54 Fletching
23:01 Stone Mining
24:00 Light Cavalry
24:41 Husbandry
25:31 Iron Casting
25:06 Pastoralism
36:01 Scale Mail Armor
37:49 Chain Barding Armor
大川
11:26 Feudal Age
12:40 Double-Bit Axe
12:38 Horse Collar
13:03 Gold Mining
16:25 Castle Age
16:15 Gold Mining
16:16 Stone Mining
21:46 Heavy Plow
22:06 Bow Saw
23:45 Gold Mining
25:50 Gold Shaft Mining
25:06 Stone Mining
25:04 Loom
25:55 Wheelbarrow
25:05 Town Watch
26:22 Forging
26:19 Scale Barding Armor
27:08 Bloodlines
27:24 Husbandry
29:29 Chain Barding Armor
34:14 Fletching
36:07 Hand Cart
魔法少年賈K
6:29 Loom
6:37 Loom
9:57 Feudal Age
10:32 Man-at-Arms
12:57 Arson
12:36 Long Swordsman
13:12 Arson
19:29 Pikeman
21:14 Scale Mail Armor
25:06 Castle Age
25:42 Halberdier
27:51 Squires
29:44 Two-Handed Swordsman
31:14 Chain Mail Armor
32:20 Gambesons
34:14 Forging
33:38 Champion
Connection lost

Rejoining the realm…

Still unreachable

The connection could not be restored.

Session expired

The server has moved on; the page needs a fresh start.